 Dungeon Sprint DCSS version 0.18.1-6-gd335043 (webtiles) character file.

435 Hipnos the Jinx (level 6, -9/30 HPs)
             Began as a Spriggan Enchanter on May 20, 2016.
             Was a Follower of Sif Muna.
             Mangled by a slime creature (18 damage)
             ... in the Dungeon (Sprint I: "Red Sonja").
             The game lasted 00:04:05 (307 turns).

Hipnos the Jinx (Spriggan Enchanter)                 Turns: 307, Time: 00:04:05

Health: -9/30      AC:  3    Str:  4    XL:     6   Next: 68%
Magic:  12/16      EV: 21    Int: 19    God:    Sif Muna [*.....]
Gold:   297        SH:  0    Dex: 16    Spells: 2 memorised, 14 levels left

rFire  . . .     SeeInvis +     i - +2 dagger (elec)
rCold  . . .     Gourm    .     b - +1 robe
rNeg   . . .     Faith    .     (shield restricted)
rPois  .         Spirit   .     (helmet restricted)
rElec  .         Dismiss  .     (no cloak)
rCorr  .         Reflect  .     (gloves unavailable)
SustAt .         Harm     .     (boots unavailable)
MR     +....     NoTele   +     (no amulet)
Stlth  ++++++....               (no ring)
                                (no ring)

@: very quick, somewhat resistant to hostile enchantments, very stealthy
A: unfitting armour, see invisible, herbivore 3, speed 3, slow metabolism 2
a: Channel Energy, Renounce Religion


You were in the Dungeon.
You worshipped Sif Muna.
Sif Muna was aware of your devotion.
You were not hungry.

You visited 1 branch You collected 297 gold pieces.

Inventory:

Hand Weapons
 a - a +1 dagger
 i - a +2 dagger of electrocution (weapon)
Armour
 b - a +1 robe (worn)
Scrolls
 j - a scroll of blinking
Potions
 e - 2 potions of curing
 f - a potion of heal wounds
 g - a potion of haste
 h - 2 potions of magic
Books
 c - a book of Maledictions

   Spells                             Type                      Level
   a - Corona                         Hexes                        1
   b - Ensorcelled Hibernation        Hexes/Ice                    2
   c - Confuse                        Hexes                        3
   d - Tukima's Dance                 Hexes                        3
   e - Dazzling Spray                 Conjuration/Hexes            3
Comestibles
 d - a bread ration


   Skills:
 + Level 1.2 Fighting
 + Level 2.8 Short Blades
 + Level 6.2 Dodging
 + Level 11.7 Stealth
 + Level 6.1 Spellcasting
 * Level 12.6 Hexes


You had 14 spell levels left.
You knew the following spells:

 Your Spells              Type           Power        Failure   Level  Hunger
a - Corona                Hex            ######.      1%          1    None
b - Ensorcelled Hibernat  Hex/Ice        ####..       1%          2    None


Dungeon Overview and Level Annotations

Branches:
Dungeon (1/1)

Altars:
Cheibriados
Dithmenos
Elyvilon
Fedhas
Gozag
Kikubaaqudgha
Makhleb
Nemelex Xobeh
Okawaru
Pakellas
Qazlal
Ru
Sif Muna
Trog
Vehumet
Xom
Yredelemnul
Zin
The Shining One
Jiyva

Shops:
D :


Innate Abilities, Weirdness & Mutations

You are tiny and cannot use many weapons and most armour.
You have supernaturally acute eyesight.
You are a herbivore.
You cover ground extremely quickly.
You need consume almost no food.


Message History

You perforate the slime creature like a sieve!!!
The slime creature is severely wounded.
The slime creature misses you.
Cast which spell? (? or * to list)
Aiming: Ensorcelled Hibernation
Press: ? - help, Shift-Dir - straight line, f - slime creature
Aim: a slime creature (severely wounded, chance to defeat MR: 40%)
The slime creature resists with some effort.
The slime creature hits you!!
Ouch! That really hurt!
* * * LOW HITPOINT WARNING * * *
Casting: Ensorcelled Hibernation
Confirm with . or Enter, or press ? or * to list all spells.
Aiming: Ensorcelled Hibernation
Press: ? - help, Shift-Dir - straight line, f/p - slime creature
Aim: a slime creature (severely wounded, chance to defeat MR: 40%)
The slime creature resists with some effort.
The slime creature hits you!!
Ouch! That really hurt!
You die...

###################
#<.#..'..#.['..#__#
#..'..#.)'..#..'^J+
#..#####'#####'#@_#
#..####..#...#.####
#..#__####..##[#
#..#_.___##'#..+
#⌠⌠#_.∩..†'..._#
####_..._##_.#'#
#_____###+#)#
####### ###


You could see a slime creature.

Vanquished Creatures
  Sigmund (D)
  A yak (D)
  An ogre (D)
  A jelly (D)
  Ijyb (D)
5 creatures vanquished.

Vanquished Creatures (others)
  A gargoyle (D)
1 creature vanquished.

Grand Total: 6 creatures vanquished

Notes
Turn   | Place    | Note
--------------------------------------------------------------
     0 | D        | Hipnos the Spriggan Enchanter began the quest for the Orb.
     0 | D        | Reached XP level 1. HP: 9/9 MP: 5/5
     1 | D        | Noticed Ijyb
     9 | D        | Killed Ijyb
     9 | D        | Reached skill level 6 in Hexes
     9 | D        | Reached XP level 2. HP: 10/13 MP: 7/7
    17 | D        | Learned a level 2 spell: Ensorcelled Hibernation
    98 | D        | Killed a gargoyle
   139 | D        | Noticed an ogre
   142 | D        | Killed an ogre
   142 | D        | Reached skill level 9 in Hexes
   142 | D        | Reached XP level 3. HP: 16/16 MP: 7/9
   142 | D        | Reached XP level 4. HP: 21/21 MP: 8/11
   171 | D        | Noticed Sigmund
   176 | D        | Killed Sigmund
   176 | D        | Reached skill level 1 in Fighting
   176 | D        | Reached skill level 5 in Dodging
   176 | D        | Reached skill level 10 in Stealth
   176 | D        | Reached skill level 5 in Spellcasting
   176 | D        | Reached skill level 11 in Hexes
   176 | D        | Reached XP level 5. HP: 25/25 MP: 7/13
   232 | D        | Found a deep blue altar of Sif Muna.
   234 | D        | Found a radiant altar of Vehumet.
   239 | D        | Reached XP level 6. HP: 30/30 MP: 12/15
   242 | D        | Became a worshipper of Sif Muna the Loreminder
   273 | D        | Found Qefrioch's Book Emporium.
   273 | D        | Found a white marble altar of Elyvilon.
   273 | D        | Found a stormy altar of Qazlal.
   273 | D        | Found a burning altar of Makhleb.
   273 | D        | Found a sacrificial altar of Ru.
   273 | D        | Found an oddly glowing altar of Pakellas.
   273 | D        | Found a basalt altar of Yredelemnul.
   273 | D        | Found a glowing golden altar of the Shining One.
   273 | D        | Found a sparkling altar of Nemelex Xobeh.
   273 | D        | Found a shimmering altar of Xom.
   273 | D        | Found an opulent altar of Gozag.
   273 | D        | Found an ancient bone altar of Kikubaaqudgha.
   273 | D        | Found a glowing silver altar of Zin.
   273 | D        | Noticed a yak
   274 | D        | Found an iron altar of Okawaru.
   275 | D        | Killed a yak
   275 | D        | Reached * piety under Sif Muna
   275 | D        | Reached skill level 12 in Hexes
   276 | D        | Found a bloodstained altar of Trog.
   302 | D        | Found a snail-covered altar of Cheibriados.
   302 | D        | Found a viscous altar of Jiyva.
   302 | D        | Found a shadowy altar of Dithmenos.
   302 | D        | Found a blossoming altar of Fedhas.
   302 | D        | Noticed a slime creature
   307 | D        | Mangled by a slime creature

Skill      XL: |  1  2  3  4  5  6 |
---------------+-------------------+-----
Stealth        | 6 8 10 11 | 11.7
Spellcasting   | 3 4 5 6 |  6.1
Hexes          | 6 9 11 12 | 12.6
Short Blades   | 2 |  2.8
Dodging        | 4 5 6 |  6.2
Fighting       | 1 |  1.2

Action                   |  1- 3 |  4- 6 || total
-------------------------+-------+-------++-------
Melee: Dagger            |     6 |     4 ||    10
 Cast: Ensorcelled Hiber |       |     5 ||     5
  Use: Potion            |     1 |       ||     1
 Stab: Sleeping          |     1 |     4 ||     5
Dodge: Dodged            |     2 |     2 ||     4
